 Dungeon Crawl Stone Soup version 0.16-a0-1738-g5881244 (webtiles) character file.

589 ztt the Chiller (level 7, 0/48 HPs)
             Began as a Demonspawn Ice Elementalist on Oct 30, 2014.
             Was an Initiate of Sif Muna.
             Shot with an arrow of frost by a centaur (7 damage)
             ... on level 5 of the Dungeon.
             The game lasted 00:23:04 (7385 turns).

ztt the Chiller (Demonspawn Ice Elementalist)       Turns: 7385, Time: 00:23:04

Health: 0/48       AC:  2    Str:  8    XL:     7   Next: 15%
Magic:  16/17      EV: 13    Int: 18    God:    Sif Muna [......]
Gold:   163        SH:  0    Dex: 16    Spells: 4 memorised, 3 levels left

rFire  . . .     SeeInvis .     h - +0 whip
rCold  . . .     Clarity  .     a - +0 robe
rNeg   . . .     SustAb   .     (no shield)
rPois  .         Gourm    .     (helmet restricted)
rElec  .         Spirit   .     (no cloak)
rCorr  .         Warding  .     (no gloves)
rMut   .         Stasis   .     (no boots)
MR     .....                    (no amulet)
Stlth  ++........               (no ring)
                                n - +2 ring of dexterity

@: about to teleport, not resistant to hostile enchantments, unstealthy
A: antennae 2, demonic guardian 1, rot immunity
a: Renounce Religion


You were on level 5 of the Dungeon.
You worshipped Sif Muna.
Sif Muna was noncommittal.
You were not hungry.

You visited 1 branch of the dungeon, and saw 5 of its levels.

You collected 163 gold pieces.

Inventory:

Hand weapons
 f - a +1 dagger of venom
 h - a +0 whip (weapon)
Armour
 a - a +0 robe (worn)
 e - a +0 leather armour
Jewellery
 n - a +2 ring of dexterity (left hand)
Scrolls
 m - a scroll of recharging
 s - a scroll of remove curse
Potions
 d - a potion of confusion
 i - a potion of curing
 j - 3 potions of magic
 l - a potion of degeneration {unknown}
 p - a potion of haste
Books
 b - a book of Frost

   Spells                             Type                      Level
   *Freeze                            Ice                          1
   *Throw Frost                       Conjuration/Ice              2
   Ozocubu's Armour                   Charms/Ice                   3
   Throw Icicle                       Conjuration/Ice              4
   Summon Ice Beast                   Ice/Summoning                4
   Condensation Shield                Ice                          4
 r - a book of Unlife

   Spells                             Type                      Level
   Recall                             Summoning/Translocation      3
   *Animate Dead                      Necromancy                   4
   *Control Undead                    Necromancy                   4
   Twisted Resurrection               Necromancy                   5
   Death Channel                      Necromancy                   6
   Simulacrum                         Ice/Necromancy               6
Comestibles
 c - 4 bread rations
 g - a beef jerky
 q - 2 meat rations


   Skills:
 + Level 1.2 Fighting
 + Level 1.0 Maces & Flails
 + Level 2.9 Dodging
 + Level 2.4 Stealth
 + Level 4.2 Spellcasting
 + Level 1.2 Conjurations
 * Level 2.5 Necromancy
 + Level 4.7 Ice Magic


You had 3 spell levels left.
You knew the following spells:

 Your Spells              Type           Power        Failure   Level  Hunger
a - Freeze                Ice            ###.         1%          1    None
b - Throw Frost           Conj/Ice       ##....       8%          2    ##.....
c - Animate Dead          Necr           N/A          54%         4    ####...
d - Control Undead        Necr           ##........   54%         4    ####...


Dungeon Overview and Level Annotations

Branches:
Dungeon (5/15)
 Temple: D:4-7

Altars:
Ashenzari
Dithmenos
Fedhas
Qazlal
Ru
Sif Muna
Trog

Annotations:
D:4 Eustachio


Innate Abilities, Weirdness & Mutations

You have a pair of antennae on your head.
A weak demonic guardian rushes to your aid.
You are immune to rotting.


Message History

Okay, then.
Drink which item? (? for menu, Esc to quit)
Okay, then.
Read which item? (? for menu, Esc to quit)
As you read the scroll labeled PAKHLI MUMIABB, it crumbles to dust.
You feel strangely unstable.
It was a scroll of teleportation.
The jackal bites you. The jackal barely misses you.
Casting: Freeze
Confirm with . or Enter, or press ? or * to list all spells.
Aiming: Freeze
Press: ? - help, Shift-Dir - straight line, f - jackal
Aim: a jackal (blue smoke)
You freeze the jackal.
You kill the jackal!
The jackal completely misses you.
The centaur shoots an arrow of frost.
The arrow of frost misses your ufetubus.
The arrow of frost misses the jackal.
The arrow of frost hits you!
* * * LOW HITPOINT WARNING * * *
The arrow of frost freezes you!
You die...

#..# ##### #..# #...# .#
######..###...#
..#...............#####
.....##########.........
....)...................
#.....#####.##.........
#....§#####.#..........
#....§@§§##.#.###.#.##
###..§h#§.......#.#...
.......§5.....>#.#.#
####....#..#..........#
......#c.#.#...#.##.
....r...........#...
.....[####.###.# ###
...#. ..# .# #c ..# .#


You could see a centaur, a jackal, a rat and a friendly ufetubus.

Vanquished Creatures
  An eye of draining (D:4)
  An ogre (D:4)
  A goliath beetle (D:4)
  2 orc wizards
  2 orc priests (D:3)
  A hound (D:4)
  A worker ant (D:4)
  A gnoll (D:2)
  6 adders
  A giant mite (D:3)
  4 worms
  A giant gecko (D:2)
  An ooze (D:3)
  13 orcs
  3 giant cockroaches
  8 hobgoblins
  11 jackals
  A quokka (D:3)
  3 ball pythons
  12 bats
  10 giant newts
  13 goblins
  A jackal skeleton (D:4)
  10 kobolds
  11 rats
119 creatures vanquished.

Vanquished Creatures (others)
  A bat (D:1)
1 creature vanquished.

Grand Total: 120 creatures vanquished

Notes
Turn   | Place    | Note
--------------------------------------------------------------
     0 | D:1      | ztt, the Demonspawn Ice Elementalist, began the quest for the Orb.
     0 | D:1      | Reached XP level 1. HP: 13/13 MP: 3/3
   640 | D:1      | Reached skill level 3 in Ice Magic
   660 | D:1      | Gained mutation: You are immune to rotting. [demonic ancestry]
   660 | D:1      | Reached XP level 2. HP: 19/19 MP: 0/4
  1768 | D:2      | Reached XP level 3. HP: 17/24 MP: 0/6
  2817 | D:2      | Reached XP level 4. HP: 28/31 MP: 4/8
  2822 | D:2      | Learned a level 2 spell: Throw Frost
  4102 | D:3      | Gained mutation: You have a pair of small antennae on your head. [demonic ancestry]
  4102 | D:3      | Reached XP level 5. HP: 32/36 MP: 4/11
  4117 | D:3      | Reached skill level 1 in Fighting
  4334 | D:3      | Reached skill level 4 in Ice Magic
  4618 | D:3      | Learned a level 4 spell: Animate Dead
  5365 | D:3      | Found a sacrificial altar of Ru.
  5370 | D:3      | Found a bloodstained altar of Trog.
  5371 | D:3      | Found a shadowy altar of Dithmenos.
  5387 | D:3      | Found a stormy altar of Qazlal.
  5388 | D:3      | Found a deep blue altar of Sif Muna.
  5392 | D:3      | Became a worshipper of Sif Muna the Loreminder
  5398 | D:3      | Learned a level 4 spell: Control Undead
  5825 | D:4      | Reached skill level 1 in Necromancy
  5825 | D:4      | Gained mutation: You have a pair of antennae on your head. [demonic ancestry]
  5825 | D:4      | Reached XP level 6. HP: 43/43 MP: 2/13
  5906 | D:4      | Noticed an ogre
  5914 | D:4      | Killed an ogre
  6211 | D:4      | Noticed a shadow
  6709 | D:4      | Noticed Eustachio
  6791 | D:4      | Reached skill level 1 in Maces & Flails
  6962 | D:4      | Found a blossoming altar of Fedhas.
  6962 | D:4      | Found a shattered altar of Ashenzari.
  7040 | D:4      | Found a bloodstained altar of Trog.
  7041 | D:4      | Noticed an eye of draining
  7215 | D:4      | Killed an eye of draining
  7215 | D:4      | Gained mutation: A weak demonic guardian rushes to your aid. [demonic ancestry]
  7215 | D:4      | Reached XP level 7. HP: 48/48 MP: 0/17
  7333 | D:5      | Entered Level 5 of the Dungeon
  7385 | D:5      | Shot with an arrow of frost by a centaur

Action                   |  1- 3 |  4- 6 |  7- 9 || total
-------------------------+-------+-------+-------++-------
Melee: Whip              |    83 |   158 |     2 ||   243
 Cast: Freeze            |    63 |   105 |     5 ||   173
       Throw Frost       |       |    22 |       ||    22
  Use: Scroll            |     5 |     6 |     2 ||    13
       Potion            |       |     1 |       ||     1
 Stab: Sleeping          |     2 |     1 |     1 ||     4
       Distracted        |       |     1 |       ||     1
  Eat: Chunk             |     4 |    10 |       ||    14
       Meat ration       |     1 |       |     1 ||     2
       Royal jelly       |       |     1 |       ||     1
